 Dungeon Crawl Stone Soup version 0.23.1 (webtiles) character file.

Game seed: 7330159111424593798

56 Fang the Skirmisher (level 3, 0/24 HPs)
             Began as a Gargoyle Berserker on Mar 5, 2019.
             Was a Believer of Trog.
             Slain by an orc
             ... wielding a +0 trident
              (2 damage)
             ... on level 2 of the Dungeon.
             The game lasted 00:01:38 (1118 turns).

Fang the Skirmisher (Gargoyle Berserker)            Turns: 1118, Time: 00:01:39

Health: 0/24       AC: 15    Str: 21    XL:     3   Next: 97%
Magic:  3/3        EV:  8    Int:  7    God:    Trog [**....]
Gold:   86         SH:  0    Dex:  9    Spells: 2/2 levels left

rFire    . . .     SeeInvis .   a - +0 hand axe
rCold    . . .     Gourm    .   (no shield)
rNeg     + . .     Faith    .   f - +0 chain mail
rPois    ∞         Spirit   .   (no helmet)
rElec    +         Reflect  .   (no cloak)
rCorr    +         Harm     .   o - +2 pair of gloves
MR       .....                  (no boots)
Stlth    ..........             (no amulet)
HPRegen  0.08/turn              i - ring of flight
MPRegen  0.08/turn              r - ring of resist corrosion

@: no status effects
A: negative energy resistance 1, electricity resistance, unbreathing,
petrification resistance, rot immunity, AC +3
a: Berserk, Trog's Hand, Renounce Religion, Evoke Flight


You were on level 2 of the Dungeon.
You worshipped Trog.
Trog was pleased with you.
You were not hungry.

You visited 1 branch of the dungeon, and saw 2 of its levels.

You collected 86 gold pieces.

Inventory:

Hand Weapons
 a - a +0 hand axe (weapon)
Armour
 f - a +0 chain mail (worn)
 o - a +2 pair of gloves (worn)
Jewellery
 i - a ring of flight (left hand)
 r - a ring of resist corrosion (right hand)
Scrolls
 e - a scroll of remove curse {unknown}
 g - 2 scrolls of identify {unknown}
 h - a scroll of fear {unknown}
 j - 2 scrolls of enchant armour {unknown}
 k - 2 scrolls of random uselessness {unknown}
 n - a scroll of enchant weapon {unknown}
 q - a scroll of teleportation {unknown}
Potions
 b - 2 potions of haste {unknown}
 l - 2 potions of curing {unknown}
 m - 2 potions of heal wounds {unknown}
 p - a potion of degeneration {unknown}
 s - a potion of brilliance {unknown}
Comestibles
 c - 3 rations
 d - 2 chunks of flesh


   Skills:
 + Level 3.8 Fighting
 + Level 3.1 Axes
 + Level 3.0 Armour
 + Level 2.1 Dodging


You had 2 spell levels left.
You didn't know any spells.
Your spell library was empty.

Dungeon Overview and Level Annotations

Branches:
Dungeon (2/15)

Altars:


Innate Abilities, Weirdness & Mutations

You are resistant to torment.
Your stone body is resilient. (AC +3)
You are immune to poison.
You resist negative energy. (rN+)
You are resistant to electric shocks. (rElec)
You can survive without breathing.
You are immune to petrification.
You are immune to rotting.


Message History

The orc wizard blinks!
You closely miss the kobold. The orc barely misses you.
The kobold hits you but does no damage.
You closely miss the kobold. The orc hits you but does no damage.
The kobold hits you but does no damage.
You miss the kobold.
The orc wizard gestures at you while chanting.
The magic dart hits you.
* * * LOW HITPOINT WARNING * * *
The kobold closely misses you. The orc hits you but does no damage.
You hit the kobold but do no damage. The kobold hits you but does no damage.
The orc hits you but does no damage.
The orc wizard hits you but does no damage.
You closely miss the kobold. You closely miss the orc wizard.
The orc wizard casts a spell at you. The magic dart hits you.
* * * LOW HITPOINT WARNING * * *
The kobold hits you but does no damage.
The orc hits you from afar with a +0 trident.
You die...

#.# #.....÷÷# #.#
####.....# #.##
####....^# #.[#
#.....#.(# ##.#
#.##....## #.#
##.##..#.# #.#
........# #.#
#K##..### #.#
#.####@##..########.#
#....))o............#
######o##.#########.#
#.##.# #.# #.##.# #.#
#(##.# #.# #.##.# #.#
####.##.# #.#
#.......# #.#


You could see an orc wizard, an orc and a kobold.

Vanquished Creatures
  An ooze (D:2)
  A dart slug (D:2)
  2 leopard geckos
  2 orcs (D:2)
  4 giant cockroaches
  2 goblins
  8 hobgoblins
  5 bats
  4 frilled lizards
  2 kobolds
  3 rats
34 creatures vanquished.

Vanquished Creatures (others)
  An orc wizard (D:2)
1 creature vanquished.

Grand Total: 35 creatures vanquished

Notes
Turn   | Place    | Note
-------+----------+-------------------------------------------
     0 | D:1      | Fang the Gargoyle Berserker began the quest for the Orb.
     0 | D:1      | Reached XP level 1. HP: 14/14 MP: 1/1
   124 | D:1      | Reached XP level 2. HP: 19/19 MP: 2/2
   655 | D:2      | Reached XP level 3. HP: 23/23 MP: 3/3
   689 | D:2      | Reached ** piety under Trog
  1118 | D:2      | Slain by an orc

Skill      XL: |  1  2  3 |
---------------+----------+-----
Axes           | 3 |  3.1
Dodging        | 2 |  2.1
Armour         | 3 |  3.0
Fighting       | |  3.8

Action                   || total
-------------------------++-------
Melee: Hand axe          ||   121
  Eat: Chunk             ||     1
Armor: Animal skin       ||    12
       Chain mail        ||    79
Dodge: Dodged            ||    77
